[ AOE2 MATCH · #507129967 ]
UnrankedItalians vs Goths
Player's team · LOSS
Rival team · WIN
[ REPLAY ANALYSIS · EXTRACTED FROM THE RECORDED GAME ]
Feudal
8:52
Castle
—
Imperial
—
| APM avg | 69.7 |
| APM peak | 121 |
| eAPM avg | 36.5 |
| Villagers / military | 68 / 31 |
Focus
⚔️ 56.5% · 🌾 43.5%
Archer ×21 · Militia ×8 · Skirmisher ×2
Feudal
10:31
Castle
22:32
Imperial
—
| APM avg | 56.4 |
| APM peak | 94 |
| eAPM avg | 19.6 |
| Villagers / military | 50 / 22 |
Focus
⚔️ 29.9% · 🌾 70.1%
Skirmisher ×10 · Militia ×8 · Archer ×4
Match map
Initial resources + every placement click. Lines = walls · curves = elevation contours. ◆ gold · ⬟ stone · ● berries · ✦ relic · ◌ wall gap
Your base· Open — unwalled flank
zagaluke's base· Open — 3t gap
Smoothed initial terrain · ◌ = detected wall gap · hover for details
Inputs per minute
— DS_Gabo - - zagaluke
Build order — DS_Gabo
140 actions detected in the replay
| 0:00 | Queue | Villager (Male) |
| 0:00 | Queue | Villager (Male) |
| 0:01 | Build | House |
| 0:02 | Build | House |
| 0:04 | Queue | Villager (Male) ×2 |
| 1:20 | Queue | Villager (Male) |
| 1:52 | Queue | Villager (Male) |
| 2:02 | Build | Lumber Camp |
| 2:27 | Queue | Villager (Male) |
| 2:44 | Queue | Villager (Male) |
| 2:58 | Queue | Villager (Male) |
| 3:10 | Build | House |
| 3:14 | Queue | Villager (Male) |
| 3:52 | Queue | Villager (Male) |
| 3:53 | Queue | Villager (Male) |
| 4:17 | Queue | Villager (Male) |
| 4:33 | Queue | Villager (Male) |
| 5:00 | Build | Barracks |
| 5:40 | Queue | Villager (Male) |
| 5:51 | Build | Palisade Wall |
| 5:58 | Build | House |
| 6:17 | Research | Loom |
| 6:24 | Build | Palisade Wall |
| 6:41 | Research | Feudal Age |
| 6:43 | Queue | Militia |
| 7:06 | Queue | Militia |
| 7:17 | Build | Mining Camp |
| 7:46 | Queue | Militia |
| 7:46 | Queue | Militia |
| 7:46 | Queue | Militia |
| 7:46 | Queue | Militia |
| 7:57 | Build | House |
| 7:59 | Build | Palisade Wall |
| 8:08 | Build | House |
| 8:09 | Build | Palisade Wall |
| 8:10 | Build | Palisade Wall |
| 8:31 | Build | Mill |
| 8:40 | Queue | Villager (Male) |
| 8:52 | Age | Feudal Age |
| 8:54 | Queue | Villager (Male) |
| 9:21 | Queue | Villager (Male) |
| 9:26 | Research | Man-at-Arms (upgrade) |
| 9:26 | Queue | Villager (Male) |
| 10:08 | Queue | Villager (Male) |
| 10:08 | Queue | Villager (Male) |
| 10:10 | Queue | Villager (Male) |
| 10:40 | Queue | Villager (Male) |
| 10:40 | Queue | Villager (Male) |
| 10:43 | Build | Archery Range |
| 11:28 | Queue | Villager (Male) |
| 11:53 | Queue | Archer ×3 |
| 11:54 | Queue | Archer |
| 11:56 | Build | House |
| 12:02 | Queue | Archer |
| 12:07 | Build | Mill |
| 12:41 | Queue | Archer ×4 |
| 12:42 | Queue | Villager (Male) |
| 12:44 | Queue | Archer |
| 13:05 | Queue | Villager (Male) |
| 13:05 | Queue | Villager (Male) |
| 13:09 | Build | Palisade Wall |
| 13:09 | Build | Palisade Wall |
| 13:10 | Queue | Archer ×3 |
| 13:18 | Build | Blacksmith |
| 13:21 | Queue | Villager (Male) |
| 13:28 | Queue | Archer |
| 13:51 | Build | House |
| 13:52 | Queue | Villager (Male) |
| 13:53 | Queue | Villager (Male) |
| 13:59 | Build | Palisade Wall |
| 14:00 | Build | Palisade Wall |
| 14:06 | Queue | Villager (Male) ×2 |
| 14:06 | Queue | Villager (Male) ×2 |
| 14:07 | Build | Palisade Wall |
| 14:09 | Build | Palisade Wall |
| 14:23 | Queue | Villager (Male) |
| 14:46 | Build | House |
| 14:49 | Research | Padded Archer Armor |
| 14:52 | Research | Fletching |
| 14:52 | Research | Fletching |
| 14:52 | Queue | Archer ×2 |
| 15:04 | Build | House |
| 15:06 | Build | Palisade Wall |
| 15:07 | Build | Palisade Wall |
| 15:19 | Build | House |
| 15:20 | Queue | Villager (Male) |
| 15:28 | Queue | Archer ×2 |
| 15:40 | Build | Farm |
| 15:52 | Build | Farm |
| 16:01 | Queue | Archer ×2 |
| 16:03 | Queue | Villager (Male) |
| 16:03 | Queue | Villager (Male) |
| 16:16 | Build | Farm |
| 16:19 | Queue | Archer |
| 16:40 | Queue | Villager (Male) |
| 16:51 | Build | Palisade Wall |
| 16:53 | Build | Palisade Gate |
| 17:00 | Build | Market |
| 17:02 | Queue | Villager (Male) |
| 17:03 | Queue | Villager (Male) |
| 17:21 | Build | Farm |
| 17:22 | Build | Farm |
| 17:25 | Queue | Militia |
| 17:25 | Queue | Militia |
| 17:35 | Build | Farm |
| 17:35 | Build | Farm |
| 17:53 | Queue | Villager (Male) |
| 18:07 | Queue | Villager (Male) |
| 18:08 | Queue | Villager (Male) ×5 |
| 18:18 | Queue | Villager (Male) |
| 18:18 | Queue | Villager (Male) ×5 |
| 18:19 | Queue | Villager (Male) ×2 |
| 18:19 | Queue | Villager (Male) ×2 |
| 18:26 | Build | House |
| 18:26 | Build | House |
| 18:28 | Queue | Villager (Male) |
| 18:28 | Queue | Villager (Male) |
| 18:29 | Queue | Skirmisher |
| 18:44 | Queue | Villager (Male) |
| 18:46 | Build | Farm |
| 18:47 | Build | Farm |
| 18:50 | Build | Farm |
| 18:51 | Build | Farm |
| 18:53 | Build | Farm |
| 18:56 | Queue | Villager (Male) |
| 18:59 | Build | Farm |
| 19:17 | Build | Palisade Gate |
| 19:21 | Build | House |
| 19:31 | Queue | Villager (Male) |
| 19:50 | Build | Mining Camp |
| 20:48 | Research | Castle Age |
| 20:54 | Queue | Skirmisher |
| 21:15 | Build | Mining Camp |
| 21:22 | Queue | Villager (Male) |
| 21:45 | Build | House |
| 21:46 | Build | House |
| 21:49 | Queue | Villager (Male) |
| 21:50 | Queue | Villager (Male) |
| 22:01 | Build | House |
| 22:05 | Queue | Villager (Male) |
Build order — zagaluke
126 actions detected in the replay
| 0:00 | Queue | Villager (Male) |
| 0:00 | Queue | Villager (Male) |
| 0:02 | Build | House |
| 0:03 | Build | House |
| 0:07 | Queue | Villager (Male) |
| 0:08 | Queue | Villager (Male) |
| 1:29 | Queue | Villager (Male) |
| 1:50 | Build | Lumber Camp |
| 1:54 | Queue | Villager (Male) |
| 2:26 | Queue | Villager (Male) |
| 2:52 | Queue | Villager (Male) |
| 2:52 | Queue | Villager (Male) |
| 2:53 | Queue | Villager (Male) |
| 3:32 | Queue | Villager (Male) |
| 3:48 | Build | House |
| 3:58 | Queue | Villager (Male) |
| 4:29 | Queue | Villager (Male) |
| 4:37 | Build | Barracks |
| 4:41 | Queue | Villager (Male) |
| 4:58 | Build | House |
| 5:20 | Queue | Villager (Male) |
| 5:51 | Queue | Villager (Male) |
| 5:53 | Queue | Militia |
| 5:53 | Queue | Militia |
| 6:05 | Build | House |
| 6:11 | Queue | Villager (Male) |
| 6:18 | Queue | Militia |
| 6:18 | Queue | Militia |
| 6:39 | Queue | Villager (Male) |
| 7:03 | Queue | Villager (Male) |
| 7:05 | Queue | Villager (Male) |
| 7:18 | Build | Mill |
| 7:27 | Queue | Villager (Male) |
| 7:54 | Queue | Villager (Male) |
| 8:02 | Build | Mining Camp |
| 8:19 | Research | Feudal Age |
| 8:19 | Research | Feudal Age |
| 8:29 | Build | House |
| 8:59 | Queue | Villager (Male) |
| 9:14 | Queue | Villager (Male) |
| 9:16 | Queue | Militia |
| 9:17 | Queue | Militia |
| 9:38 | Build | Palisade Wall |
| 9:42 | Queue | Militia |
| 10:02 | Queue | Villager (Male) |
| 10:31 | Age | Feudal Age |
| 10:37 | Research | Loom |
| 10:37 | Research | Loom |
| 10:40 | Research | Man-at-Arms (upgrade) |
| 10:41 | Queue | Villager (Male) |
| 10:41 | Queue | Villager (Male) |
| 10:49 | Queue | Militia |
| 11:10 | Queue | Villager (Male) |
| 11:36 | Queue | Villager (Male) |
| 11:37 | Queue | Villager (Male) |
| 11:54 | Build | Farm |
| 11:54 | Build | Farm |
| 11:54 | Build | Farm |
| 11:54 | Build | Farm |
| 11:55 | Build | Farm |
| 11:56 | Build | House |
| 12:04 | Build | Archery Range |
| 12:15 | Build | Mill |
| 12:22 | Queue | Villager (Male) |
| 12:41 | Queue | Villager (Male) |
| 12:43 | Build | Farm |
| 13:15 | Queue | Villager (Male) |
| 13:17 | Build | Farm |
| 13:21 | Queue | Archer |
| 13:21 | Queue | Archer |
| 13:37 | Queue | Villager (Male) |
| 13:41 | Queue | Skirmisher |
| 13:55 | Queue | Villager (Male) |
| 13:58 | Build | Farm |
| 13:59 | Queue | Skirmisher |
| 14:01 | Build | Blacksmith |
| 14:24 | Queue | Villager (Male) |
| 14:25 | Queue | Skirmisher |
| 14:32 | Build | Palisade Wall |
| 14:36 | Build | Farm |
| 14:36 | Build | Farm |
| 14:44 | Build | House |
| 14:48 | Queue | Villager (Male) |
| 14:51 | Research | Fletching |
| 14:51 | Research | Fletching |
| 15:02 | Build | House |
| 15:06 | Queue | Villager (Male) |
| 15:15 | Queue | Villager (Male) |
| 15:21 | Research | Padded Archer Armor |
| 15:25 | Queue | Villager (Male) |
| 15:29 | Build | House |
| 15:38 | Queue | Villager (Male) |
| 15:41 | Queue | Skirmisher |
| 15:44 | Build | Palisade Wall |
| 15:47 | Queue | Villager (Male) |
| 15:57 | Queue | Skirmisher |
| 16:01 | Queue | Archer |
| 16:01 | Queue | Archer |
| 16:04 | Queue | Villager (Male) |
| 16:11 | Queue | Skirmisher |
| 16:12 | Queue | Skirmisher |
| 16:18 | Queue | Skirmisher |
| 16:32 | Queue | Skirmisher |
| 16:38 | Queue | Villager (Male) |
| 16:43 | Queue | Skirmisher |
| 16:52 | Queue | Villager (Male) |
| 17:21 | Build | Mining Camp |
| 17:38 | Build | Palisade Wall |
| 17:40 | Research | Double-Bit Axe |
| 18:03 | Build | House |
| 18:24 | Queue | Villager (Male) |
| 18:47 | Queue | Villager (Male) |
| 18:52 | Build | Market |
| 19:27 | Queue | Villager (Male) |
| 19:46 | Research | Castle Age |
| 19:57 | Build | Farm |
| 19:57 | Build | Farm |
| 20:19 | Build | Lumber Camp |
| 20:27 | Queue | Villager (Male) |
| 20:40 | Build | Watch Tower |
| 20:48 | Queue | Villager (Male) |
| 21:40 | Build | House |
| 22:05 | Build | Farm |
| 22:08 | Research | Horse Collar |
| 22:32 | Age | Castle Age |
| 22:36 | Research | Bodkin Arrow |
Match timeline
| 4:37 | zagaluke · first_building Barracks |
| 5:00 | DS_Gabo · first_building Barracks |
| 5:51 | DS_Gabo · wall_segment Palisade Wall x1 |
| 6:24 | DS_Gabo · wall_segment Palisade Wall x5 |
| 7:59 | DS_Gabo · wall_segment Palisade Wall x8 |
| 8:09 | DS_Gabo · wall_segment Palisade Wall x4 |
| 8:10 | DS_Gabo · wall_segment Palisade Wall x6 |
| 8:52 | DS_Gabo · age_up feudal |
| 9:38 | zagaluke · wall_segment Palisade Wall x8 |
| 10:31 | zagaluke · age_up feudal |
| 10:43 | DS_Gabo · first_building Archery Range |
| 12:04 | zagaluke · first_building Archery Range |
| 13:09 | DS_Gabo · wall_segment Palisade Wall x1 |
| 13:09 | DS_Gabo · wall_segment Palisade Wall x1 |
| 13:59 | DS_Gabo · wall_segment Palisade Wall x1 |
| 14:00 | DS_Gabo · wall_segment Palisade Wall x1 |
| 14:07 | DS_Gabo · wall_segment Palisade Wall x1 |
| 14:09 | DS_Gabo · wall_segment Palisade Wall x1 |
| 14:32 | zagaluke · wall_segment Palisade Wall x10 |
| 15:06 | DS_Gabo · wall_segment Palisade Wall x8 |
| 15:07 | DS_Gabo · wall_segment Palisade Wall x12 |
| 15:44 | zagaluke · wall_segment Palisade Wall x2 |
| 16:51 | DS_Gabo · wall_segment Palisade Wall x5 |
| 17:38 | zagaluke · wall_segment Palisade Wall x3 |
| 18:06 | DS_Gabo · first_market_buy 500 food |
| 18:15 | DS_Gabo · first_market_sell 500 stone |
| 19:43 | zagaluke · first_market_buy 100 food |
| 22:32 | zagaluke · age_up castle |
| 22:40 | DS_Gabo · resign |
[ AI ANALYSIS · 1 CREDIT ]
What really happened in this match?
Wolo.gg analyzes every decision: build order, eco, micro, common mistakes by bracket. Personalized analysis on WhatsApp or Discord in 30 seconds.
Civ guide
Italians
Perfil
Jugador #22080934